AoeStats
← Elmaynard

Arabia

510191216Analyzed
2v2 RM · 3d ago on Sep 29, 2026· 37m 47s· 4 players
Game mode
Random Map
Map size
Medium (4 player)
Population
200
Speed
Normal
Resources
Standard
Victory
Conquest
Starting age
Dark Age
Ending age
Imperial Age
RankedLock teamsTeams togetherTeam positionsShared explorationLock speedFull tech treeHidden civsTurbo modeCheats
Victory
Defeat
🇫🇷 Franks · France
1184
+9
🇫🇷 Ethiopians · France
1087
+17
🇧🇷 Franks · Brazil
1053
-12
🇦🇷 Bulgarians · Argentina
1000
-33
Elmaynard
7:09 Loom
10:34 Feudal Age
11:09 Horse Collar
12:21 Wheelbarrow
15:06 Double-Bit Axe
21:14 Forging
21:50 Padded Archer Armor
21:52 Scale Mail Armor
21:58 Scale Barding Armor
23:50 Gold Mining
23:51 Stone Mining
25:57 Fletching
31:44 Castle Age
32:22 Pikeman
CaOk_Emerson
4:08 Loom
9:35 Feudal Age
10:14 Double-Bit Axe
16:59 Scale Barding Armor
23:45 Castle Age
21:49 Gold Mining
22:12 Forging
26:18 Husbandry
Djama
7:29 Loom
9:39 Feudal Age
10:27 Double-Bit Axe
15:37 Forging
23:05 Castle Age
22:41 Gold Mining
23:34 Scale Barding Armor
24:24 Bow Saw
25:48 Iron Casting
25:33 Chain Barding Armor
29:47 Bow Saw
31:30 Stone Mining
32:47 Husbandry
39:23 Imperial Age
36:20 Light Cavalry
wizarwet
7:40 Loom
10:44 Feudal Age
11:26 Double-Bit Axe
14:29 Fletching
17:56 Padded Archer Armor
24:04 Castle Age
25:09 Wheelbarrow
24:07 Crossbowman
25:24 Thumb Ring
25:17 Bodkin Arrow
26:18 Bow Saw
28:35 Gold Mining
30:51 Ballistics
31:49 Hand Cart
32:09 Leather Archer Armor
39:43 Imperial Age
Connection lost

Rejoining the realm…

Still unreachable

The connection could not be restored.

Session expired

The server has moved on; the page needs a fresh start.